 Dungeon Crawl Stone Soup version 0.25.1-2-g60ff931df9 (webtiles) character file.

Game seed: 2751135723600218688

10103 Revguard the Carver (level 11, -4/81 HPs)
             Began as a Demonspawn Gladiator on Aug 10, 2020.
             Was a Priest of Yredelemnul.
             Slain by a death yak (10 damage)
             ... on level 10 of the Dungeon.
             The game lasted 00:37:49 (10956 turns).

Revguard the Carver (Demonspawn Gladiator)         Turns: 10956, Time: 00:37:49

Health: -4/81      AC: 19    Str: 16    XL:     11   Next: 31%
Magic:  0/17       EV:  9    Int: 10    God:    Yredelemnul [***...]
Gold:   465        SH:  0    Dex: 16    Spells: 10/10 levels left

rFire    + + +     SeeInvis .   z - +2 long sword (protect)
rCold    + . .     Gourm    .   (no shield)
rNeg     . . .     Faith    .   c - +2 chain mail {rF+}
rPois    +         Spirit   +   (helmet unavailable)
rElec    .         Reflect  .   (no cloak)
rCorr    .         Harm     .   (no gloves)
MR       .....                  (no boots)
Stlth    ..........             (no amulet)
HPRegen  0.23/turn              x - ring "Uluwnuis" {rPois rF+ rC+}
MPRegen  0.15/turn              (no ring)

@: injury mirror, protection aura, studying Long Blades, lightly drained
A: claws 2, hooves 2, horns 3, fire resistance 1, magic shield
a: Recall Undead Slaves, Injury Mirror, Animate Dead, Renounce Religion


You were on level 10 of the Dungeon.
You worshipped Yredelemnul.
Yredelemnul was most pleased with you.
You were near starving.

You visited 1 branch of the dungeon, and saw 10 of its levels.

You collected 659 gold pieces.
You spent 194 gold pieces at shops.

Inventory:

Hand Weapons
 a - a +1 long sword
 z - a +2 long sword of protection (weapon)
Missiles
 b - 5 javelins
 i - 11 boomerangs
 j - 2 throwing nets
 m - 35 poisoned darts
 u - 2 curare-tipped darts (quivered)
 w - 4 silver boomerangs
Armour
 c - a +2 chain mail of fire resistance (worn)
 F - +0 acid dragon scales
 H - the +1 scale mail of the Thinker {Harm rC- Str+2}
   (You found it on level 9 of the Dungeon)

   It affects your strength (+2).
   It makes you vulnerable to cold.
   It increases damage dealt and taken.
Jewellery
 k - an uncursed ring of flight
 x - the ring "Uluwnuis" (left claw) {rPois rF+ rC+}
   (You took it off an orc on level 6 of the Dungeon)

   [ring of poison resistance]

   It protects you from fire.
   It protects you from cold.
   It protects you from poison.
 G - an uncursed ring of stealth
Wands
 e - a wand of enslavement (9)
 r - a wand of paralysis (8)
 B - a wand of digging (2)
 C - a wand of iceblast (9)
Scrolls
 n - 6 scrolls of remove curse
 p - a scroll of fear
 q - 4 scrolls of magic mapping
 t - 3 scrolls of fog
 A - 2 scrolls of identify
 E - a scroll of vulnerability
Potions
 d - a potion of resistance
 g - a potion of degeneration
 h - 2 potions of ambrosia
 l - 2 potions of lignification
 o - 3 potions of flight
 s - 4 potions of curing
 v - a potion of haste
 D - a potion of stabbing
Books
 y - a manual of Long Blades
Miscellaneous
 I - a phial of floods
 J - a lightning rod (4/4)
Comestibles
 f - 13 rations


   Skills:
 + Level 6.1(5.9) Fighting
 + Level 11.5(11.2) Long Blades
 + Level 4.0(3.7) Throwing
 + Level 6.7(6.4) Armour
 + Level 4.5(4.2) Dodging
 * Level 8.9(8.6) Invocations
 * Level 7.2(6.9) Evocations


You had 10 spell levels left.
You didn't know any spells.
Your spell library contained the following spells:

 Spells                   Type           Power        Failure   Level  Hunger
 Corona                   Hex            #......      99%         1    ##.....
 Ensorcelled Hibernation  Hex/Ice        #.....       100%        2    ###....
 Slow                     Hex            #.......     100%        2    ###....
 Confusing Touch          Hex            #.......     100%        3    ####...
 Gell's Gravitas          Tloc           #.........   100%        3    ####...
 Spider Form              Tmut/Pois      #.........   100%        3    ####...
 Petrify                  Tmut/Erth      #.......     100%        4    #####..
 Metabolic Englaciation   Hex/Ice        #.........   100%        5    ######.
 Yara's Violent Unravell  Hex/Tmut       #.........   100%        5    ######.


Dungeon Overview and Level Annotations

Branches:
Dungeon (10/15)            Temple (0/1) D:5            Lair (0/6) D:10
    Orc: D:9-12

Altars:
Cheibriados
Elyvilon
Gozag
Hepliaklqana
Kikubaaqudgha
Makhleb
Nemelex Xobeh
Okawaru
Ru
Sif Muna
Trog
Uskayaw
Yredelemnul
Zin

Shops:
D:6 (   D:9 (


Innate Abilities, Weirdness & Mutations

You have very sharp fingernails.
You have hoof-like feet.
You have a pair of large horns on your head.
Your flesh is heat resistant. (rF+)
When hurt, damage is shared between your health and your magic reserves.


Message History

Your orc priest zombie hits the death yak with a +0 whip.
You hit the death yak but do no damage. You kick the death yak.
You headbutt the death yak.
The death yak is heavily wounded.
Your flying skull barely misses the death yak.
The crimson imp blinks!
Your orc zombie hits the death yak but does no damage.
Your flying skull hits the death yak but does no damage.
The worker ant barely misses your flying skull.
The death yak gores you!!
* * * LOW HITPOINT WARNING * * *
Yredelemnul mirrors your injury!
The death yak is severely wounded.
Your hell rat zombie bites the red very ugly thing!
Okay, then.
Okay, then.
You swap places.
Your flying skull hits the death yak!
Your flying skull hits the death yak.
The death yak gores you!
You die...
Your body rises from the dead as a mindless zombie.

#########################
...##...##...............
#..#..#(.................
##...##..........§.......
###.###.........@Z.......
.##.##.###...Z.ZzYY..5...
#.#.#.###....Zu#ZY#......
###.####.....Z...z.......
...⌠..........#..a.......
###.####..###............
#.#.#.###.. #....#..>....
.##.##.###.##.........#..
###.###.u ##.......#.


You could see a red very ugly thing, 3 death yaks, a worker ant, a crimson imp,
2 friendly flying skulls, 2 friendly river rat zombies, a friendly hell rat
zombie, a friendly porcupine zombie, a friendly orc zombie and a friendly orc
priest zombie.

Vanquished Creatures
  Harold (D:7)
  A two-headed ogre (D:8)
  A deep elf mage (D:9)
  Pikel (D:5)
  A cyclops (D:10)
  Maurice (D:8)
  A gargoyle (D:10)
  Grinder (D:5)
  A hornet (D:9)
  Prince Ribbit (D:7)
  A hippogriff (D:7)
  A wraith (D:10)
  Grum (D:8)
  Eustachio (D:4)
  2 hungry ghosts (D:9)
  2 soldier ants (D:9)
  Duvessa (D:7)
  A porcupine (D:10)
  4 sky beasts
  A hornet zombie (D:10)
  3 black bears
  2 ice beasts (D:9)
  An orc warrior (D:9)
  3 ogres
  2 phantoms
  3 centaurs
  4 wolves (D:8)
  6 bullfrogs
  Dowan (D:7)
  2 scorpions
  3 killer bees (D:10)
  2 wights (D:8)
  A howler monkey (D:7)
  3 crimson imps
  A quasit (D:6)
  A bullfrog zombie (D:5)
  5 hounds
  5 jellies
  5 orc priests
  2 centaur zombies
  A centaur skeleton (D:6)
  A bullfrog skeleton (D:9)
  2 iguanas
  9 orc wizards
  2 worker ants
  A worker ant zombie (D:2)
  4 gnolls (D:5)
  22 adders
  2 river rats (D:10)
  2 shadow imps
  An ooze (D:7)
  2 adder skeletons (D:4)
  An adder zombie (D:6)
  4 worms
  4 dart slugs
  6 leopard geckos
  26 orcs
  4 ball pythons
  9 bats
  7 giant cockroaches
  8 hobgoblins
  11 jackals
  2 quokkas (D:5)
  14 frilled lizards
  8 goblins
  A jackal skeleton (D:4)
  14 kobolds
  A quokka zombie (D:7)
  13 rats
262 creatures vanquished.

Vanquished Creatures (collateral kills)
  A two-headed ogre (D:9)
  Psyche (D:8)
  Maggie (D:8)
  An eye of draining (D:9)
  A slave (D:5)
  A bullfrog (D:9)
  A scorpion (D:8)
  A wight (D:8)
  A howler monkey (D:8)
  An orc priest (D:9)
  An orc wizard (D:8)
  A hell rat (D:10)
  2 worker ants
  A worker ant zombie (D:10)
  2 river rats (D:10)
  2 adders (D:8)
  A shadow imp (D:9)
  A leopard gecko (D:6)
  5 orcs
  A giant cockroach (D:7)
  A rat (D:10)
  2 butterflies (D:5)
30 creatures vanquished.

Vanquished Creatures (others)
  2 slaves (D:5)
  2 wolf zombies (D:8)
  A wolf skeleton (D:8)
  A bullfrog skeleton (D:9)
  2 killer bee zombies (D:10)
  A sky beast zombie (D:8)
  A hound skeleton (D:8)
  An orc zombie (D:10)
  4 orcs (D:5)
  A giant cockroach (D:5)
  A quokka (D:4)
  A ball python skeleton (D:7)
  2 gnoll skeletons (D:5)
  2 jackal skeletons
  A leopard gecko zombie (D:5)
  An orc skeleton (D:8)
  A rat zombie (D:10)
25 creatures vanquished.

Grand Total: 317 creatures vanquished

Notes
Turn   | Place    | Note
-------+----------+-------------------------------------------
     0 | D:1      | Revguard the Demonspawn Gladiator began the quest for the
                  | Orb.
     0 | D:1      | Reached XP level 1. HP: 16/16 MP: 1/1
   332 | D:1      | Gained mutation: You have large cloven feet. [demonic
                  | ancestry]
   332 | D:1      | Reached XP level 2. HP: 22/22 MP: 2/2
   585 | D:1      | Reached skill level 3 in Long Blades
   643 | D:1      | Reached XP level 3. HP: 27/27 MP: 3/3
  1237 | D:2      | Gained mutation: Your flesh is heat resistant. (rF+)
                  | [demonic ancestry]
  1237 | D:2      | Reached XP level 4. HP: 34/34 MP: 4/4
  1468 | D:2      | Found a snail-covered altar of Cheibriados.
  1650 | D:2      | Reached skill level 1 in Armour
  2182 | D:3      | Gained mutation: You have a pair of small horns on your
                  | head. [demonic ancestry]
  2182 | D:3      | Reached XP level 5. HP: 39/39 MP: 5/5
  2509 | D:3      | Found a basalt altar of Yredelemnul.
  2563 | D:3      | Became a worshipper of Yredelemnul the Dark
  2837 | D:4      | Reached skill level 4 in Long Blades
  2837 | D:4      | Gained mutation: You have hoof-like feet. [demonic
                  | ancestry]
  2837 | D:4      | Reached XP level 6. HP: 10/46 MP: 6/6
  4114 | D:4      | Gained mutation: You have sharp fingernails. [demonic
                  | ancestry]
  4114 | D:4      | Reached XP level 7. HP: 49/52 MP: 7/7
  4170 | D:4      | Found a white marble altar of Elyvilon.
  4342 | D:4      | Noticed Eustachio
  4367 | D:4      | Reached skill level 5 in Long Blades
  4380 | D:4      | Reached skill level 1 in Invocations
  4393 | D:4      | Killed Eustachio
  4580 | D:4      | Reached * piety under Yredelemnul
  4720 | D:5      | Entered Level 5 of the Dungeon
  4733 | D:5      | Noticed an angel
  4734 | D:5      | Found a glowing silver altar of Zin.
  4796 | D:5      | Reached skill level 1 in Evocations
  4849 | D:5      | Noticed Pikel
  4883 | D:5      | Killed Pikel
  4883 | D:5      | Gained mutation: You have very sharp fingernails. [demonic
                  | ancestry]
  4883 | D:5      | Reached XP level 8. HP: 27/59 MP: 8/10
  5262 | D:5      | Noticed Grinder
  5281 | D:5      | Killed Grinder
  5281 | D:5      | Reached skill level 6 in Long Blades
  5499 | D:5      | Found an opulent altar of Gozag.
  5547 | D:5      | Found a staircase to the Ecumenical Temple.
  6497 | D:6      | Identified the ring "Uluwnuis" {rPois rF+ rC+}
  6515 | D:6      | Gained mutation: You have a pair of horns on your head.
                  | [demonic ancestry]
  6515 | D:6      | Reached XP level 9. HP: 47/65 MP: 12/12
  6741 | D:6      | Found Nieluod's Weapon Emporium.
  6749 | D:6      | Bought a +2 long sword of protection for 194 gold pieces
  6860 | D:6      | Found a burning altar of Makhleb.
  7265 | D:7      | Reached skill level 7 in Long Blades
  7326 | D:7      | Found a hide-covered altar of Uskayaw.
  7328 | D:7      | Found a sacrificial altar of Ru.
  7328 | D:7      | Found an ancient bone altar of Kikubaaqudgha.
  7328 | D:7      | Found an iron altar of Okawaru.
  7330 | D:7      | Found a snail-covered altar of Cheibriados.
  7330 | D:7      | Found a hazy altar of Hepliaklqana.
  7331 | D:7      | Found a shimmering blue altar of Sif Muna.
  7379 | D:7      | Noticed Harold
  7400 | D:7      | Killed Harold
  7400 | D:7      | Reached skill level 8 in Long Blades
  7400 | D:7      | Reached skill level 5 in Armour
  7400 | D:7      | Reached skill level 5 in Invocations
  7400 | D:7      | Reached skill level 5 in Evocations
  7488 | D:7      | Noticed Prince Ribbit
  7503 | D:7      | Reached skill level 9 in Long Blades
  7505 | D:7      | Reached ** piety under Yredelemnul
  7524 | D:7      | Reached skill level 5 in Fighting
  7526 | D:7      | Killed Prince Ribbit
  7767 | D:7      | Found a sparkling altar of Nemelex Xobeh.
  7932 | D:7      | Noticed Duvessa
  7932 | D:7      | Noticed Dowan
  7949 | D:7      | Killed Duvessa
  7949 | D:7      | Gained mutation: You have a pair of large horns on your
                  | head. [demonic ancestry]
  7949 | D:7      | Reached XP level 10. HP: 73/74 MP: 14/14
  7950 | D:7      | Killed Dowan
  8286 | D:8      | Noticed Grum
  8304 | D:8      | Killed Grum
  8454 | D:8      | Noticed Psyche
  8471 | D:8      | Killed Psyche
  8581 | D:8      | Noticed Maurice
  8587 | D:8      | Killed Maurice
  8587 | D:8      | Reached skill level 10 in Long Blades
  8825 | D:8      | Reached *** piety under Yredelemnul
  8883 | D:8      | Noticed a two-headed ogre
  8903 | D:8      | Killed a two-headed ogre
  9119 | D:8      | Noticed Maggie
  9129 | D:8      | Killed Maggie
  9364 | D:8      | Found a bloodstained altar of Trog.
  9627 | D:9      | Noticed a deep elf mage
  9644 | D:9      | Killed a deep elf mage
  9644 | D:9      | Reached skill level 11 in Long Blades
  9665 | D:9      | Got a dazzling scale mail
  9666 | D:9      | Identified the +1 scale mail of the Thinker {Harm rC-
                  | Str+2} (You found it on level 9 of the Dungeon)
  9850 | D:9      | Noticed a two-headed ogre
  9859 | D:9      | Killed a two-headed ogre
  9859 | D:9      | Gained mutation: When hurt, damage is shared between your
                  | health and your magic reserves. [demonic ancestry]
  9859 | D:9      | Reached XP level 11. HP: 78/81 MP: 14/17
 10048 | D:9      | Found Hoczezul's Weapon Emporium.
 10282 | D:9      | Identified Lihagg's Catalogue of Enchanting Toxins
 10464 | D:9      | Reached **** piety under Yredelemnul
 10708 | D:10     | Entered Level 10 of the Dungeon
 10731 | D:10     | Received a gift from Yredelemnul (2 flying skulls)
 10908 | D:10     | Noticed a red very ugly thing
 10936 | D:10     | Found a staircase to the Lair.
 10937 | D:10     | Noticed a death yak
 10939 | D:10     | Noticed a death yak
 10940 | D:10     | Noticed a death yak
 10956 | D:10     | Slain by a death yak

Illustrated notes

Levels and vault maps discovered:
D:1:      wheals_arrival_shading, layout_basic, chequers_jeans,
          serial_bayou_pond_c, minmay_lizard_king
D:2:      layout_basic, first_ration, kennysheep_slug_shrine
D:3:      layout_basic, old_standard_altar
D:4:      layout_gridville, elyvilon_altar_4,
          eino_small_chamber_without_monster, minivault_26,
          minmay_snake_closets, uniq_eustachio
D:5:      layout_loops_corners, zin_angel, minmay_temple_entry_butterflies,
          grunt_gozag_statues, uniq_grinder, uniq_pikel, uniq_edmund
D:6:      layout_cave_pods, makhleb_heckhound_becter, serial_shops, shop,
          minmay_manual_macuahuitl
D:7:      layout_basic, nemelex_altar_shiori, grunt_temple_overflow_open,
          uniq_prince_ribbit1, uniq_harold, uniq_duvessa
D:8:      layout_loops_ring, lightli_temple_of_fire, uniq_psyche, uniq_maggie,
          uniq_grum, uniq_maurice
D:9:      minmay_the_grid_octo_triangle [minmay_the_grid_octo_tetromino_candy,
          minmay_the_grid_octo_prize_single_spiral,
          minmay_the_grid_octo_clover], layout_rooms, serial_shops, shop,
          hangedman_pestilent_swarm
D:10:     layout_small_grid, dpeg_lair_monsters, gammafunk_ghost_arena,
          kb_rosetta

Skill      XL: |  1  2  3  4  5  6  7  8  9 10 11 |
---------------+----------------------------------+-----
Throwing       | 2 3 4 |  4.0
Dodging        | 3 4 |  4.5
Long Blades    | 3 4 5 6 9 11 | 11.5
Armour         | 1 2 3 4 5 6 |  6.7
Fighting       | 3 4 5 6 |  6.1
Invocations    | 3 4 5 8 |  8.9
Evocations     | 2 4 5 6 7 |  7.2

Action                   |  1- 3 |  4- 6 |  7- 9 | 10-12 || total
-------------------------+-------+-------+-------+-------++-------
Melee: Long sword        |    62 |   152 |   320 |   270 ||   804
       Kick              |    13 |    55 |    97 |    98 ||   263
       Headbutt          |       |    19 |    68 |    64 ||   151
Throw: Boomerang         |    60 |    39 |     2 |       ||   101
       Throwing net      |       |     3 |       |       ||     3
       Dart              |       |     8 |     2 |     1 ||    11
       Javelin           |       |       |     8 |       ||     8
Invok: Animate Remains   |       |       |    18 |    11 ||    29
       Animate Dead      |       |       |       |    14 ||    14
       Recall Undead Sla |       |       |       |     2 ||     2
       Injury Mirror     |       |       |       |     1 ||     1
       Drain Life        |       |       |       |     1 ||     1
Evoke: Wand              |       |       |       |     1 ||     1
  Use: Scroll            |     8 |     9 |     6 |     3 ||    26
       Potion            |     3 |     3 |     2 |       ||     8
 Stab: Distracted        |       |     1 |     1 |       ||     2
  Eat: Chunk             |     1 |     9 |    14 |    15 ||    39
       Ration            |       |       |     1 |     2 ||     3
Armor: Leather armour    |    16 |    21 |       |       ||    37
       Ring mail         |       |    22 |       |       ||    22
       Chain mail        |       |     7 |   234 |   169 ||   410
Dodge: Dodged            |    41 |   115 |   150 |   143 ||   449
       Rpst.: Long sword |    14 |    38 |    41 |    39 ||   132
